 Dungeon Crawl Stone Soup version 0.30.1-11-g7821555f0a (webtiles) character file.

Game seed: 3712082291965652249

618 Nonny the Cudgeller (level 7, -1/61 HPs)
             Began as a Minotaur Fighter on Nov 15, 2023.
             Killed from afar by an orc wizard (4 damage)
             ... with a puff of flame
             ... on level 5 of the Dungeon.
             The game lasted 00:13:21 (2592 turns).

Nonny the Cudgeller (Minotaur Fighter)              Turns: 2592, Time: 00:13:21

Health: -1/61      AC: 10    Str: 22    XL:     7   Next: 21%
Magic:  6/6        EV:  8    Int:  5    God:
Gold:   177        SH:  0    Dex: 10    Spells: 6/6 levels left

rFire   . . .        a - +0 flail (venom)
rCold   . . .        c - +0 buckler
rNeg    . . .        l - +0 chain mail
rPois   .            (helmet restricted)
rElec   .            (no cloak)
rCorr   .            (no gloves)
SInv    .            (no boots)
Will    .....        (no amulet) Stlth
                     (no ring)
HPRegen 0.30/turn    (no ring)
MPRegen 0.10/turn

%: no passive effects
@: confused, hasted, very quick
A: horns 2, retaliatory headbutt
a: no special abilities


You were on level 5 of the Dungeon.
You visited 1 branch of the dungeon, and saw 5 of its levels.

You collected 177 gold pieces.

Inventory:

Hand Weapons
 a - a +0 flail of venom (weapon)
Missiles
 j - 19 poisoned darts (quivered)
Armour
 c - a +0 buckler (worn)
 l - a +0 chain mail (worn)
Magical Staves
 h - a staff of death
Wands
 k - a wand of digging (4)
Scrolls
 f - a scroll of noise
Potions
 d - 3 potions of might
 e - a potion of mutation
 i - 2 potions of curing


   Skills:
 + Level 5.5 Fighting
 + Level 6.5 Maces & Flails
 + Level 6.0 Armour
 + Level 4.7 Shields


You had 6 spell levels left.
You didn't know any spells.
Your spell library was empty.

Dungeon Overview and Level Annotations

Branches:
Dungeon (5/15)
 Temple: D:4-7

Altars:
Sif Muna
Vehumet


Innate Abilities, Weirdness & Mutations

You have a pair of horns on your head.
You reflexively headbutt those who attack you in melee.


Message History

Okay, then.
The gnoll is no longer moving quickly.
The orc wizard gestures at you while chanting.
You are confused.
You bump into the rock wall.
The gnoll hits you but does no damage.
The orc wizard casts a spell.
The orc wizard flickers and vanishes!
Deactivating autopickup; reactivate with Ctrl-A.
You bump into the rock wall.
The gnoll hits you from afar with a +0 halberd!
A magic dart appears from out of thin air!
The magic dart hits you. The gnoll completely misses you.
You feel less confused.
You hit the ogre.
The ogre is poisoned.
The ogre is lightly wounded.
The gnoll hits you from afar with a +0 halberd.
The ogre hits you with a +0 giant spiked club!!
* * * LOW HITPOINT WARNING * * *
The gnoll closely misses you.
Unknown command.
Okay, then.
Okay, then.
Okay, then.
You feel yourself speed up. The gnoll hits you but does no damage.
The gnoll misses you.
Found a shimmering blue altar of Sif Muna.
The ogre looks more healthy.
A puff of flame appears from out of thin air!
The puff of flame hits you but does no damage.
The ogre is engulfed in a cloud of scalding steam.
The ogre is engulfed in a cloud of scalding steam.
Okay, then.
A magic dart appears from out of thin air!
The magic dart hits you.
* * * LOW HITPOINT WARNING * * *
You are confused.
A puff of flame appears from out of thin air!
The puff of flame hits you.
You die...

#.)......###
#..........#
#..).......#
#........#...
#####....#
#.......##.##
#.......#.))#
#.......#...#
#.....###@..###
#....##.......##
#...##.........##
#...#....§≈≈....#
##...≈§≈≈≈...##
#..O≈≈{..≈≈...#
#...≈≈.>.≈≈...#
#...≈≈...≈≈g..#
##...≈≈≈≈≈...##


You could see an ogre and a gnoll.

Vanquished Creatures
  Edmund (D:5)
  Duvessa (D:4)
  A scorpion (D:4)
  Dowan (D:4)
  A jelly (D:4)
  A gnoll bouda (D:5)
  An iguana (D:4)
  An orc wizard (D:3)
  5 gnolls
  5 adders
  An ufetubus (D:4)
  2 worms (D:2)
  4 dart slugs
  5 orcs
  14 bats
  6 endoplasms
  A giant cockroach (D:4)
  4 goblins
  2 hobgoblins
  7 jackals (D:2)
  2 quokkas (D:1)
  6 ball pythons
  2 frilled lizards
  4 kobolds
  3 rats
81 creatures vanquished.

Vanquished Creatures (others)
  A quokka (D:4)
1 creature vanquished.

Grand Total: 82 creatures vanquished

Notes
Turn   | Place    | Note
-------+----------+-------------------------------------------
     0 | D:1      | Nonny the Minotaur Fighter began the quest for the Orb.
     0 | D:1      | Reached XP level 1. HP: 19/19 MP: 0/0
    53 | D:1      | Starting vault: half-oval pool.
   249 | D:1      | Reached XP level 2. HP: 26/27 MP: 1/1
   548 | D:1      | Reached XP level 3. HP: 30/33 MP: 2/2
   739 | D:1      | D:2 uphatch not really viable for orbrun.
   842 | D:2      | staff of death in northeast corner
   954 | D:2      | Reached XP level 4. HP: 41/41 MP: 3/3
  1548 | D:3      | Reached XP level 5. HP: 47/47 MP: 4/4
  1552 | D:3      | Reached skill level 5 in Armour
  2077 | D:4      | Noticed Duvessa
  2077 | D:4      | Noticed Dowan
  2087 | D:4      | Killed Duvessa
  2088 | D:4      | Reached skill level 5 in Fighting
  2088 | D:4      | Reached skill level 5 in Maces & Flails
  2088 | D:4      | Reached XP level 6. HP: 42/56 MP: 5/5
  2090 | D:4      | Killed Dowan
  2207 | D:4      | Found a radiant altar of Vehumet.
  2328 | D:3      | D:3 uphatch not viable for orbrun.
  2491 | D:5      | Entered Level 5 of the Dungeon
  2534 | D:5      | Noticed Edmund
  2542 | D:5      | Killed Edmund
  2543 | D:5      | Reached XP level 7. HP: 57/61 MP: 6/6
  2572 | D:5      | HP: 3/61 [ogre/+0 giant spiked club (27)]
  2574 | D:5      | Found a shimmering blue altar of Sif Muna.
  2590 | D:5      | HP: 2/61 [something/magic dart (5)]
  2592 | D:5      | Killed from afar by an orc wizard

Illustrated notes ######.<.###### ###.............### ####.................# #..'.................+ #.##.................# #.####.............### #.# ###)........### #.# ###.....### #.# ###....@....### #.####.............### ###.##.......~~~.......# #....'.....~~≈≈≈~~.....+ #.####....~≈≈≈≈≈≈≈~....# #. ################### # Turn 53 on D:1: Starting vault: half-oval pool.

#.###.#.#...# #.#
#.###....†..# #.#
#.##.#.#.#..# #.#
#)###.......###########.#
#.# #.#.#...............#
#.# ##...#####.#######.##
#.# #..[# #.# #.# #.#
#...### #.#######.##
#.####..@..###......>....
#...........##..######.#.
#####.#...........# ##.#.
##.###....##..#.###....
#.## ##.......#........
##.###...####.#####....
##.#.#..# #.# ##.#. #
##.##..# #.# #.#) #
###.##..####.######.#.


Turn 739 on D:1: D:2 uphatch not really viable for orbrun. #.############
#.....@.....##### #................# .##.S#######†###.# .... #.# #.# ... #.# #.#
## #.# #.# # ##.# #.# #. #.#. #.# #.##..# #.# Turn 842 on D:2: staff of death in
northeast corner ..##.......######.### ..##.......##.......#
...........##.###.#.# ..##....[..##.##..#.# ..##.......##.##.##.#
####.......##.##.##.# ##########.......# ####.#### ########@# # ####........#
######.......##### .....#.##.##.# ##.#.#.##.##.# ##........##.# ####.#.#####.#
.###.#.#####.# .....#.......# Turn 2328 on D:3: D:3 uphatch not viable for
orbrun.

Levels and vault maps discovered:
D:1:      nzn_arrival_depleted_hourglass, layout_loops_ring, hex_tiny,
          chequers_serial_rivers_micro_c
D:2:      layout_loops_ring, hangedman_decor_growths
D:3:      layout_loops_cross
D:4:      layout_basic, fiery_altar_vehumet, uniq_duvessa
D:5:      layout_basic, tgw_sif, minmay_temple_entry_glass,
          minmay_misc_feat_five, grunt_ministairs_14, nicolae_alphabet_shops,
          hangedman_decor_riveting, uniq_grinder, uniq_edmund,
          uniq_crazy_yiuf_cottage

Skill      XL: |  1  2  3  4  5  6  7 |
---------------+----------------------+-----
Fighting       | 4 5 |  5.5
Armour         | 4 5 6 |  6.0
Shields        | 4 |  4.7
Maces & Flails | 3 5 6 |  6.5

Action                     |  1- 3 |  4- 6 |  7- 9 || total
---------------------------+-------+-------+-------++-------
  Melee: Flail             |    94 |    97 |     8 ||   199
         Headbutt          |    12 |    13 |     1 ||    26
    Use: Scroll            |     3 |     7 |       ||    10
         Potion            |       |       |     1 ||     1
 Armour: Scale mail        |    52 |    48 |       ||   100
         Chain mail        |       |     8 |     9 ||    17
  Dodge: Dodged            |    50 |    34 |     6 ||    90
  Block: Buckler           |    20 |    20 |       ||    40
